 Dungeon Sprint DCSS version bcrawl-1.19.1 (webtiles) character file.

Game seed: 2115047181252283017

225 Freyura the Basher (level 5, -1/51 HPs)
             Began as a Minotaur Fighter on Dec 10, 2019.
             Was a Follower of the Shining One.
             Slain by a five-headed hydra (9 damage)
             ... in the Dungeon (Sprint IX: "|||||||||||||||||||||||||||||").
             The game lasted 00:02:41 (128 turns).

Freyura the Basher (Minotaur Fighter)                Turns: 128, Time: 00:02:42

Health: -1/51      AC: 12    Str: 20    XL:     5   Next: 68%
Magic:  4/4        EV: 10    Int:  5    God:    the Shining One [*.....]
Gold:   0          SH: 11    Dex: 14    Spells: 4/4 levels left

rFire    . . .     SeeInvis .   p - +2 morningstar (crush)
rCold    . . .     Gourm    .   c - +0 shield
rNeg     . . .     Faith    .   o - +1 chain mail
rPois    .         Spirit   .   (helmet restricted)
rElec    .         Reflect  .   (no cloak)
rCorr    .         Harm     .   a - +0 pair of gloves
MR       .....     NoTele   +   (no boots)
Stlth    ..........             (no amulet)
HPRegen  0.17/turn              q - +2 ring of evasion
MPRegen  0.09/turn              r - +3 ring of dexterity

@: glowing
A: retaliatory headbutt, horns 2
a: Renounce Religion


You were in the Dungeon.
You worshipped the Shining One.
The Shining One was aware of your devotion.
You were not hungry.

You visited 1 branch

Inventory:

Hand Weapons
 p - a +2 morningstar of crushing (weapon)
Armour
 a - a +0 pair of gloves (worn)
 c - a +0 shield (worn)
 o - a +1 chain mail (worn)
Jewellery
 q - a +2 ring of evasion (left hand)
 r - a +3 ring of dexterity (right hand)
Wands
 n - a wand of acid (9)
Scrolls
 k - 2 scrolls of blinking
 l - 3 scrolls of remove curse
 m - 2 scrolls of amnesia
Potions
 d - a potion of might
 e - 2 potions of heal wounds
 g - 4 potions of curing
 h - a potion of haste
 i - 4 potions of magic
 j - a potion of berserk rage
Comestibles
 f - a ration {!d}


   Skills:
 + Level 6.8 Fighting
 * Level 8.6 Maces & Flails
 + Level 6.7 Armour
 + Level 5.0 Dodging
 + Level 6.7 Shields
 + Level 0.0 Invocations


You had 4 spell levels left.
You didn't know any spells.
Your spell library was empty.

Dungeon Overview and Level Annotations

Branches:
Dungeon (1/1)

Altars:
Cheibriados
Dithmenos
Elyvilon
Fedhas
Gozag
Hepliaklqana
Kikubaaqudgha
Lugonu
Makhleb
Nemelex Xobeh
Okawaru
Qazlal
Ru
Sif Muna
Trog
Uskayaw
Vehumet
Wu Jian
Xom
Yredelemnul
Zin
The Shining One
Beogh
Jiyva


Innate Abilities, Weirdness & Mutations

You reflexively headbutt those who attack you in melee.
You have a pair of horns on your head.


Message History

The phantom blinks!
You puncture the five-headed hydra!
Your headbutt misses the five-headed hydra.
The five-headed hydra is moderately wounded.
The five-headed hydra bites you.
The five-headed hydra bites you but does no damage.
The five-headed hydra barely misses you.
The five-headed hydra bites you but does no damage.
The five-headed hydra bites you. You block the phantom's attack.
You block the five-headed hydra's attack.
The five-headed hydra bites you but does no damage.
The five-headed hydra bites you! The five-headed hydra bites you.
* * * LOW HITPOINT WARNING * * *
The five-headed hydra bites you!
* * * LOW HITPOINT WARNING * * *
You hit the phantom.
The phantom is moderately damaged.
The phantom barely misses you. You furiously retaliate!
You headbutt the phantom! The five-headed hydra bites you!
You die... ▓▓▓▓▓▓▓▓▓▓▓▓▓▓▓▓▓▓▓▓▓▓▓▓ ______'!.|).[..W@Dao5o.+ ▓▓▓▓▓▓▓▓▓▓▓▓▓▓▓▓▓▓▓▓▓▓▓▓

You could see a five-headed hydra, a phantom, an orc warrior, a worker ant, a quasit and an orc.

Vanquished Creatures
  A necrophage (D)
  A centaur (D)
  2 worker ants (D)
  A bat (D)
  A giant cockroach (D)
  A jackal (D)
  2 goblins (D)
  A rat (D)
10 creatures vanquished.

Notes
Turn   | Place    | Note
-------+----------+-------------------------------------------
     0 | D        | Freyura the Minotaur Fighter began the quest for the Orb.
     0 | D        | Reached XP level 1. HP: 19/19 MP: 0/0
     8 | D        | Reached skill level 3 in Maces & Flails
    11 | D        | Reached skill level 1 in Dodging
    20 | D        | Noticed a necrophage
    20 | D        | Noticed a worker ant
    20 | D        | Noticed a centaur
    20 | D        | Noticed a worker ant
    31 | D        | Killed a necrophage
    31 | D        | Reached skill level 5 in Fighting
    31 | D        | Reached skill level 6 in Maces & Flails
    31 | D        | Reached skill level 5 in Armour
    31 | D        | Reached skill level 5 in Shields
    31 | D        | Reached XP level 2. HP: 20/29 MP: 1/1
    31 | D        | Reached XP level 3. HP: 25/36 MP: 2/2
    31 | D        | Reached XP level 4. HP: 29/42 MP: 3/3
    41 | D        | Reached skill level 7 in Maces & Flails
    44 | D        | Killed a centaur
    44 | D        | Reached skill level 8 in Maces & Flails
    44 | D        | Reached XP level 5. HP: 41/51 MP: 4/4
    49 | D        | Reached skill level 5 in Dodging
    55 | D        | Found a roughly hewn altar of Beogh.
    55 | D        | Found a snail-covered altar of Cheibriados.
    55 | D        | Found a shadowy altar of Dithmenos.
    55 | D        | Found a white marble altar of Elyvilon.
    55 | D        | Found a blossoming altar of Fedhas.
    55 | D        | Found an opulent altar of Gozag.
    56 | D        | Found a hazy altar of Hepliaklqana.
    57 | D        | Found a viscous altar of Jiyva.
    58 | D        | Found an ancient bone altar of Kikubaaqudgha.
    59 | D        | Found a corrupted altar of Lugonu.
    60 | D        | Found a burning altar of Makhleb.
    61 | D        | Found a sparkling altar of Nemelex Xobeh.
    62 | D        | Found an iron altar of Okawaru.
    63 | D        | Found a stormy altar of Qazlal.
    64 | D        | Found a sacrificial altar of Ru.
    65 | D        | Found a shimmering blue altar of Sif Muna.
    66 | D        | Found a bloodstained altar of Trog.
    67 | D        | Found a hide-covered altar of Uskayaw.
    68 | D        | Found a radiant altar of Vehumet.
    69 | D        | Found an ornate altar of the Wu Jian Council.
    70 | D        | Found a shimmering altar of Xom.
    71 | D        | Found a basalt altar of Yredelemnul.
    72 | D        | Found a glowing silver altar of Zin.
    73 | D        | Found a glowing golden altar of the Shining One.
    81 | D        | Became a worshipper of the Shining One
    91 | D        | Got the +2 rapier of Ragnarok {antimagic, Int+7}
   123 | D        | Noticed a five-headed hydra
   123 | D        | Noticed a phantom
   123 | D        | Reached * piety under the Shining One
   123 | D        | Noticed an orc warrior
   128 | D        | Slain by a five-headed hydra

Skill      XL: |  1  2  3  4  5 |
---------------+----------------+-----
Maces & Flails | 6 8 |  8.6
Dodging        | 3 4 5 |  5.0
Shields        | 5 6 |  6.7
Fighting       | 5 6 |  6.8
Armour         | 5 6 |  6.7

Action                   |  1- 3 |  4- 6 || total
-------------------------+-------+-------++-------
Melee: Flail             |    21 |    15 ||    36
       Headbutt          |     3 |     4 ||     7
       Morningstar       |       |     3 ||     3
Evoke: Wand              |       |     1 ||     1
  Use: Potion            |       |     2 ||     2
Armor: Scale mail        |    11 |     4 ||    15
       Chain mail        |       |     4 ||     4
Dodge: Dodged            |     4 |    10 ||    14
Block: Shield            |    13 |    13 ||    26
